 Dungeon Crawl Stone Soup version 0.18.1-50-g88ac8fd (webtiles) character file.

158 cedor the Charmwright (level 5, -1/45 HPs)
             Began as a Naga Skald on Oct 26, 2016.
             Slain by a centaur skeleton (4 damage)
             ... on level 4 of the Dungeon.
             The game lasted 00:04:23 (844 turns).

cedor the Charmwright (Naga Skald)                   Turns: 844, Time: 00:04:23

Health: -1/45      AC:  3    Str: 15    XL:     5   Next: 39%
Magic:  6/8        EV:  9    Int: 13    God:
Gold:   90         SH:  0    Dex: 10    Spells: 1 memorised, 7 levels left

rFire  . . .     SeeInvis +     e - +0 spear (venom)
rCold  . . .     Gourm    .     b - +0 leather armour
rNeg   . . .     Faith    .     (no shield)
rPois  +         Spirit   .     (no helmet)
rElec  .         Dismiss  .     (no cloak)
rCorr  .         Reflect  .     (no gloves)
SustAt .         Harm     .     (no barding)
MR     .....                    (no amulet)
Stlth  ++........               (no ring)
                                (no ring)

@: infused, very slow, not resistant to hostile enchantments, unstealthy
A: see invisible, deformed body, poison resistance, slowness 2, slow metabolism
1, spit poison 2, AC +1
a: Spit Poison


You were on level 4 of the Dungeon.
You were not hungry.

You visited 1 branch of the dungeon, and saw 4 of its levels.
You also visited: Sewer.

You collected 90 gold pieces.


Innate Abilities, Weirdness & Mutations

You cannot wear boots.
Your serpentine skin is tough (AC +1).
You have supernaturally acute eyesight.
Armour fits poorly on your strangely shaped body.
Your system is resistant to poisons.
You cover ground very slowly.
You have a slow metabolism.
You can spit poison.


   Skills:
 - Level 2.0 Fighting
 - Level 2.1 Long Blades
 * Level 2.8 Polearms
 - Level 0.7 Armour
 + Level 1.7 Dodging
 + Level 2.7 Stealth
 - Level 2.1 Spellcasting
 + Level 3.7 Charms


You had 7 spell levels left.
You knew the following spells:

 Your Spells              Type           Power        Failure   Level  Hunger
z - Infusion              Chrm           ##..         10%         1    ##.....

Inventory:

Hand Weapons
 a - a +0 falchion
 e - a +0 spear of venom (weapon)
Missiles
 i - 3 curare-tipped needles {=f}
Armour
 b - a +0 leather armour (worn)
Scrolls
 g - 3 scrolls of identify {unknown}
Potions
 j - a potion of berserk rage {unknown}
Books
 c - a book of Battle

   Spells                             Type                      Level
   a - Infusion                       Charms                       1
   b - Shroud of Golubria             Charms/Translocation         2
   c - Song of Slaying                Charms                       2
   d - Spectral Weapon                Hexes/Charms                 3
   e - Regeneration                   Charms/Necromancy            3
Comestibles
 d - 3 bread rations
 f - 2 fruits
 h - a meat ration

Dungeon Overview and Level Annotations

Branches:
Dungeon (4/15)
 Temple: D:4-7

Altars:
Ashenzari

≈ ≈≈ ≈≈♣ ▒ ≈≈≈≈
▒. ♣♣♣♣ ≈P≈≈≈
▒[.▒▒.≈♣♣♣♣≈≈≈P▒
.▒......▒.<.....▒
........▒.....▒.▒
▒....NZ.....▒
▒▒▒▒▒▒▒.▒▒.....
▒<▒ ▒▒▒(▒ ▒.▒ ▒
.). .≈♣ ≈≈♣ ≈♣


You could see a centaur skeleton.


Message History

The hound skeleton barely misses you. The centaur skeleton hits you.
* * * LOW HITPOINT WARNING * * *
The hound skeleton bites you but does no damage.
The hound skeleton barely misses you.
The centaur skeleton closely misses you.
Found a leather armour.
The hound skeleton closely misses you.
You hit the hound skeleton.
The hound skeleton bites you but does no damage.
You hit the hound skeleton.
You destroy the hound skeleton!
You hit the centaur skeleton but do no damage.
The centaur skeleton hits you.
* * * LOW HITPOINT WARNING * * *
You hit the centaur skeleton. The centaur skeleton barely misses you.
You hit the centaur skeleton. The centaur skeleton hits you.
* * * LOW HITPOINT WARNING * * *
The centaur skeleton hits you but does no damage.
You hit the centaur skeleton. The centaur skeleton hits you.
* * * LOW HITPOINT WARNING * * *
You hit the centaur skeleton.
The centaur skeleton hits you but does no damage.
Casting: Infusion
Confirm with . or Enter, or press ? or * to list all spells.
You begin infusing your attacks with magical energy.
The centaur skeleton barely misses you. The centaur skeleton hits you.
* * * LOW HITPOINT WARNING * * *
You hit the centaur skeleton. The centaur skeleton hits you.
You die...

Action                   |  1- 3 |  4- 6 || total
-------------------------+-------+-------++-------
Melee: Falchion          |    14 |       ||    14
       Spear             |    52 |    18 ||    70
 Cast: Infusion          |     1 |     1 ||     2
 Abil: Spit Poison       |     9 |       ||     9
  Use: Potion            |     1 |       ||     1
 Stab: Sleeping          |       |     1 ||     1
Armor: Leather armour    |    25 |     4 ||    29
Dodge: Dodged            |    52 |    13 ||    65

Vault maps used:
D:1:      dpeg_arrival_orchard
D:2:      nemelex_xobeh_ov_fountains_minmay, okawaru_trees_1, uniq_iyjb
D:3:      ashenzari_altar_1, gup_sewer_entry_glass, uniq_crazy_yiuf_cottage,
          uniq_terence, uniq_sigmund, uniq_grinder
D:4:      old_standard_altar, serial_bayou, serial_bayou_crossing,
          serial_bayou_lagoon_a, serial_bayou_lake_a, serial_bayou_shore_b,
          first_bread, minmay_goblin_kobold_house
Sewer:    sewer_big_baddie

Notes
Turn   | Place    | Note
--------------------------------------------------------------
     0 | D:1      | cedor the Naga Skald began the quest for the Orb.
     0 | D:1      | Reached XP level 1. HP: 19/19 MP: 3/3
   348 | D:1      | Reached skill level 1 in Dodging
   348 | D:1      | Reached XP level 2. HP: 21/26 MP: 5/5
   408 | D:3      | Found a shattered altar of Ashenzari.
   428 | D:3      | Reached skill level 1 in Polearms
   456 | D:3      | Found a glowing drain.
   472 | D:3      | Reached XP level 3. HP: 15/32 MP: 6/6
   478 | D:3      | Reached skill level 1 in Stealth
   542 | Sewer    | Entered a sewer
   573 | Sewer    | Noticed Purgy
   585 | Sewer    | Killed Purgy
   585 | Sewer    | Reached skill level 2 in Polearms
   585 | Sewer    | Reached skill level 2 in Stealth
   585 | Sewer    | Reached XP level 4. HP: 19/39 MP: 2/7
   585 | Sewer    | Reached XP level 5. HP: 22/45 MP: 2/8
   843 | D:4      | HP: 3/45 [centaur skeleton (4)]
   844 | D:4      | Slain by a centaur skeleton

Vanquished Creatures
  Purgy (Sewer)
  A hound skeleton (D:4)
  3 adders (D:3)
  A worm (D:3)
  8 bats
  2 giant cockroaches (D:3)
  3 hobgoblins (D:1)
  A giant newt (D:2)
  A goblin (D:3)
  2 rats
23 creatures vanquished.
